 Dungeon Crawl Stone Soup version 0.23.2 (webtiles) character file.

Game seed: 12261707254605386383

14962 Borgoz the Slicer (level 12, -1/76 HPs)
             Began as a Kobold Gladiator on Apr 10, 2019.
             Was a Follower of Ashenzari.
             Slain by a yak (11 damage)
             ... on level 2 of the Lair of Beasts.
             The game lasted 00:45:14 (15548 turns).

Borgoz the Slicer (Kobold Gladiator)               Turns: 15548, Time: 00:45:15

Health: -1/76      AC: 14    Str: 16    XL:     12   Next: 51%
Magic:  9/13       EV: 19    Int:  9    God:    Ashenzari [*.....]
Gold:   688        SH:  0    Dex: 17    Spells: 9/13 levels left

rFire    . . .     SeeInvis .   a - +5 short sword
rCold    . . .     Gourm    .   (shield restricted)
rNeg     + . .     Faith    .   B - +1 scale mail {rN+}
rPois    .         Spirit   .   c - +0 helmet
rElec    .         Reflect  .   o - +0 cloak "Nugheg" {rCorr}
rCorr    +         Harm     .   s - +1 pair of gloves
MR       .....                  (no boots)
Stlth    ++........             (no amulet)
HPRegen  0.22/turn              E - ring of resist corrosion
MPRegen  0.13/turn              (no ring)

@: confusing touch
A: small, carnivore
a: Curse Item, Scrying, Renounce Religion


You were on level 2 of the Lair of Beasts.
You worshipped Ashenzari.
Ashenzari was aware of your devotion.
You were completely stuffed.

You visited 3 branches of the dungeon, and saw 13 of its levels.
You also visited: Sewer.

You collected 688 gold pieces.

Inventory:

Hand Weapons
 a - a +5 short sword (weapon)
 b - a +2 dagger of venom
 r - a +1 triple crossbow of velocity
 z - a +2 rapier
Armour
 c - a +0 helmet (worn)
 o - the +0 cloak "Nugheg" (worn) {rCorr}
   (You found it on level 5 of the Dungeon)

   It provides partial protection from all sources of acid and corrosion.
 s - a +1 pair of gloves (worn)
 B - a +1 scale mail of positive energy (worn)
Jewellery
 E - a ring of resist corrosion (left hand)
Wands
 g - a wand of enslavement (7)
 h - a wand of paralysis (8)
 k - a wand of polymorph (9)
 q - a wand of acid (8)
Scrolls
 e - a scroll of blinking
 l - 3 scrolls of remove curse
 t - a scroll of enchant weapon
 v - a scroll of fear
 C - 3 scrolls of teleportation
Potions
 d - a potion of lignification {unknown}
 j - 6 potions of might
 m - 2 potions of curing
 n - 2 potions of cancellation
 p - a potion of haste
 w - a potion of agility
 A - 6 potions of flight
 G - 2 potions of mutation
 I - a potion of ambrosia {unknown}
 K - a potion of berserk rage
Comestibles
 f - 30 rations
 i - a chunk of flesh


   Skills:
 + Level 9.3 Fighting
 + Level 11.6 Short Blades
 - Level 2.4 Throwing
 * Level 8.7 Armour
 + Level 10.5 Dodging
 + Level 6.9 Stealth
   Level 3.8 Shields
 + Level 1.0 Spellcasting
 + Level 6.2 Hexes
 + Level 2.4 Evocations


You had 9 spell levels left.
You knew the following spells:

 Your Spells              Type           Power        Failure   Level  Hunger
a - Confusing Touch       Hex            ##....       9%          1    ##.....
b - Confuse               Hex            ##......     26%         3    ####...

Your spell library contained the following spells:

 Spells                   Type           Power        Failure   Level  Hunger
 Corona                   Hex            ##.....      9%          1    ##.....
 Tukima's Dance           Hex            ##......     26%         3    ####...
 Ensorcelled Hibernation  Hex/Ice        #.....       43%         2    ###....
 Dazzling Spray           Conj/Hex       #.....       67%         3    ####...
 Animate Skeleton         Necr           N/A          73%         1    ##.....
 Apportation              Tloc           #.....       73%         1    ##.....
 Sting                    Conj/Pois      #...         73%         1    ##.....
 Summon Small Mammal      Summ           #...         73%         1    ##.....
 Poisonous Vapours        Pois/Air       #.....       86%         2    ###....
 Mephitic Cloud           Conj/Pois/Air  #.......     97%         3    ####...
 Olgreb's Toxic Radiance  Pois           #.......     100%        4    #####..
 Venom Bolt               Conj/Pois      #.........   100%        5    ######.


Dungeon Overview and Level Annotations

Branches:
Dungeon (10/15)            Temple (1/1) D:6            Lair (2/6) D:9
    Orc (0/2) D:9
  Swamp: Lair:2-4    Shoals: Lair:2-4     Snake: Lair:2-4    Spider: Lair:2-4

Altars:
Ashenzari
Cheibriados
Dithmenos
Elyvilon
Fedhas
Gozag
Hepliaklqana
Kikubaaqudgha
Makhleb
Nemelex Xobeh
Okawaru
Qazlal
Ru
Sif Muna
Trog
Uskayaw
Vehumet
Wu Jian
Xom
Yredelemnul
Zin
The Shining One

Shops:
D:5 }   D:8 *   D:9 %*

Annotations:
D:3 Sigmund
D:9 3 runed translucent doors, exclusion: obsidian statue, ThisFiasco's ghost, novice GrGl
D:10 Snorg


Innate Abilities, Weirdness & Mutations

You are small and have problems with some larger weapons.
You are carnivorous and can eat meat at any time.


Message History

a yak corpse x2
Butcher a yak corpse? [(y)es/(n)o/(a)ll/(q)uit/?]
You butcher the yak corpse.
Your magical contamination has completely faded away.
You butcher the yak corpse.
Items here: %% ÷÷ a chunk of flesh; a yak skeleton; 5 chunks of flesh; a yak skeleton
Casting: Confusing Touch (safe; 9% risk of failure)
Confirm with . or Enter, or press ? or * to list all spells.
Your hands begin to glow red.
You hit the yak but do no damage.
The yak is moderately wounded.
The yak gores you!
* * * LOW HITPOINT WARNING * * *
You closely miss the yak.
The yak is moderately wounded.
You barely miss the yak.
The yak is moderately wounded.
The yak gores you!
You die...

#...................
#...........##P.#.#.
#..........÷.######P
###..#P.#.#...## ##
#....######....# ##
##...# ##...# #.
##..# ##..## ##
##..## #P..## #
#P..@## #P...#### ##
#..Y#.# ##...##.###.
#...### #..........
##..# ##..........
#..# #............
.... ...........##.
##...
...............
......#P##.##.......
..... ## ## ###.....


You could see a yak.

Vanquished Creatures
  Erica (Lair:1)
  A two-headed ogre (D:8)
  Joseph (D:9)
  A black mamba (Lair:1)
  2 komodo dragons (Lair:2)
  Prince Ribbit (D:6)
  2 hippogriffs (Lair:2)
  7 blink frogs (Lair:2)
  A wraith (D:9)
  A wyvern (D:9)
  10 yaks
  A human (D:7)
  4 hogs (D:7)
  2 hungry ghosts
  3 wargs
  Duvessa (D:6)
  8 water moccasins
  4 orc warriors
  4 porcupines
  A sky beast (D:9)
  2 phantoms
  2 necrophages (D:8)
  18 wolves
  3 centaurs
  4 ogres
  3 crocodiles
  2 big kobolds
  8 bullfrogs
  Blork the orc (D:6)
  Dowan (D:6)
  3 scorpions
  11 wights
  3 howler monkeys (D:9)
  3 crimson imps
  Crazy Yiuf (D:6)
  6 orc priests
  10 hounds
  2 jellies
  6 bullfrog skeletons
  3 iguanas
  13 orc wizards
  3 worker ants
  A hound zombie (D:6)
  A hound skeleton (D:6)
  A howler monkey skeleton (D:6)
  A worker ant zombie (D:6)
  Robin (D:2)
  6 gnolls
  13 adders
  5 river rats (Sewer)
  2 worms
  A dart slug (D:1)
  6 leopard geckos
  51 orcs
  4 giant cockroaches
  21 goblins
  7 hobgoblins
  8 jackals
  21 kobolds
  8 quokkas
  5 ball pythons
  5 bats
  8 frilled lizards
  A jackal zombie (D:5)
  A leopard gecko skeleton (D:4)
  A quokka zombie (D:8)
  25 rats
  A plant (D:6)
369 creatures vanquished.

Vanquished Creatures (others)
  8 fungi
  8 plants
16 creatures vanquished.

Grand Total: 385 creatures vanquished

Notes
Turn   | Place    | Note
-------+----------+-------------------------------------------
     0 | D:1      | Borgoz the Kobold Gladiator began the quest for the Orb.
     0 | D:1      | Reached XP level 1. HP: 12/12 MP: 1/1
   247 | D:1      | Reached XP level 2. HP: 9/17 MP: 2/2
   739 | D:1      | Reached XP level 3. HP: 16/22 MP: 3/3
  1282 | D:2      | Noticed Robin
  1496 | D:1      | Reached XP level 4. HP: 27/27 MP: 4/4
  1641 | D:2      | Reached skill level 5 in Short Blades
  1657 | D:2      | Killed Robin
  1875 | D:3      | Noticed Sigmund
  1949 | D:2      | Reached skill level 1 in Armour
  2079 | D:2      | Reached XP level 5. HP: 31/31 MP: 5/5
  2202 | D:2      | Reached skill level 8 in Short Blades
  2202 | D:2      | Reached XP level 6. HP: 34/41 MP: 6/6
  2224 | D:2      | Found a faded altar of an unknown god.
  2514 | D:3      | Learned a level 1 spell: Confusing Touch
  3175 | D:4      | Reached skill level 1 in Stealth
  3662 | D:5      | Entered Level 5 of the Dungeon
  3738 | D:5      | Got a jewelled cloak
  3750 | D:5      | Identified the +0 cloak "Nugheg" {rCorr} (You found it on
                  | level 5 of the Dungeon)
  3797 | D:5      | Reached XP level 7. HP: 38/46 MP: 7/7
  3850 | D:5      | Found Yrritt's Gadget Shop.
  3995 | D:5      | Found a glowing drain.
  4012 | Sewer    | Entered a sewer
  4343 | Sewer    | Reached skill level 1 in Hexes
  5029 | D:5      | Reached XP level 8. HP: 39/52 MP: 8/8
  5500 | D:6      | Reached skill level 9 in Short Blades
  5573 | D:6      | Noticed a rust devil
  5745 | D:6      | Found a staircase to the Ecumenical Temple.
  5746 | D:6      | Noticed Prince Ribbit
  5803 | Temple   | Entered the Ecumenical Temple
  6246 | D:6      | Noticed Blork the orc
  6261 | D:6      | Killed Blork the orc
  6261 | D:6      | Reached XP level 9. HP: 52/56 MP: 9/9
  6272 | D:6      | Killed Prince Ribbit
  6281 | D:6      | Noticed Dowan
  6282 | D:6      | Noticed Duvessa
  6311 | D:6      | Killed Duvessa
  6319 | D:6      | Killed Dowan
  6330 | D:6      | Noticed an angel
  6735 | D:6      | Found a runed translucent door.
  6736 | D:6      | Noticed Crazy Yiuf
  6828 | D:6      | Killed Crazy Yiuf
  8085 | D:7      | Reached XP level 10. HP: 50/63 MP: 10/10
  8333 | D:7      | Reached skill level 5 in Stealth
  8733 | D:8      | Found an iron altar of Okawaru.
  8952 | D:8      | Found Raicurex's General Store.
  9011 | D:8      | Reached skill level 10 in Short Blades
  9418 | D:8      | Noticed a two-headed ogre
  9435 | D:8      | Killed a two-headed ogre
  9993 | D:9      | Found a shattered altar of Ashenzari.
  9996 | D:9      | Became a worshipper of Ashenzari the Shackled
 10272 | D:9      | Reached XP level 11. HP: 52/68 MP: 11/11
 10466 | D:9      | Found a staircase to the Orcish Mines.
 10911 | D:9      | Noticed Joseph
 10940 | D:9      | Killed Joseph
 10947 | D:9      | Found Sunyla's Food Shop.
 10966 | D:9      | Found a runed translucent gate.
 10977 | D:9      | Found a staircase to the Lair.
 10995 | D:9      | Found a runed translucent gate.
 10995 | D:9      | Found a runed translucent gate.
 10996 | D:9      | Found an opulent altar of Gozag.
 10996 | D:9      | Found Uduqup's Assorted Antiques.
 10996 | D:9      | Noticed an obsidian statue
 10997 | D:9      | Noticed ThisFiasco's ghost (novice GrGl)
 11041 | D:9      | Reached skill level 5 in Hexes
 11313 | D:9      | Learned a level 3 spell: Confuse
 11577 | D:10     | Entered Level 10 of the Dungeon
 11595 | D:10     | Noticed Snorg
 11601 | D:10     | HP: 1/69 [Snorg (17)]
 11957 | Lair:1   | Entered Level 1 of the Lair of Beasts
 12179 | Lair:1   | Reached skill level 11 in Short Blades
 12499 | Lair:1   | Reached skill level 10 in Dodging
 12508 | Lair:1   | Reached * piety under Ashenzari
 13143 | Lair:1   | Noticed Erica
 13146 | Lair:1   | Killed Erica
 13451 | Lair:2   | Reached XP level 12. HP: 37/76 MP: 12/12
 13716 | Lair:2   | Reached skill level 1 in Evocations
 15537 | Lair:2   | Reached skill level 1 in Spellcasting
 15548 | Lair:2   | Slain by a yak

Skill      XL: |  1  2  3  4  5  6  7  8  9 10 11 12 |
---------------+-------------------------------------+-----
Dodging        | 4 7 8 9 10 | 10.5
Short Blades   | 5 8 9 10 11 | 11.6
Armour         | 1 6 7 8 |  8.7
Fighting       | 6 7 8 9 |  9.3
Shields        | 3 |  3.8
Stealth        | 1 2 3 4 5 6 |  6.9
Hexes          | 1 2 3 4 5 6 |  6.2
Evocations     | 2 |  2.4
Spellcasting   | 1 |  1.0
Throwing       | |  2.4

Action                   |  1- 3 |  4- 6 |  7- 9 | 10-12 || total
-------------------------+-------+-------+-------+-------++-------
Melee: Rapier            |   118 |   208 |   439 |       ||   765
       Dagger            |       |       |   202 |   171 ||   373
       Short sword       |       |       |     9 |   856 ||   865
Throw: Throwing net      |       |     4 |     1 |     1 ||     6
       Tomahawk          |       |       |     9 |       ||     9
 Cast: Confusing Touch   |       |       |     1 |    50 ||    51
Evoke: Wand              |       |       |       |     2 ||     2
  Use: Scroll            |       |    10 |     7 |     9 ||    26
       Potion            |       |     1 |     7 |     5 ||    13
 Stab: Held in net/web   |       |     1 |     1 |     3 ||     5
       Invisible         |       |       |     5 |       ||     5
       Sleeping          |       |       |     2 |     9 ||    11
       Confused          |       |       |       |    45 ||    45
       Distracted        |       |       |       |     1 ||     1
  Eat: Chunk             |    10 |     8 |    17 |    33 ||    68
Armor: Leather armour    |     6 |       |       |       ||     6
       Ring mail         |    20 |    37 |   149 |    38 ||   244
       Scale mail        |       |       |       |   128 ||   128
Dodge: Dodged            |   123 |   162 |   477 |   548 ||  1310
